 Dungeon Crawl Stone Soup version 0.28-a0-409-g6a72785379 (webtiles) character file.

Game seed: 6558182524245758452

35 MirrMurr the Thrower (level 3, -3/31 HPs)
             Began as a Gnoll Hunter on Sept 6, 2021.
             Killed from afar by an orc wizard (10 damage)
             ... with a magic dart
             ... on level 2 of the Dungeon.
             The game lasted 00:04:57 (2070 turns).

MirrMurr the Thrower (Gnoll Hunter)                 Turns: 2070, Time: 00:04:58

Health: -3/31      AC:  5    Str:  9 (11) XL:     3   Next: 35%
Magic:  4/4        EV: 12    Int: 10 (11) God:
Gold:   87         SH:  0    Dex: 11 (12) Spells: 3/3 levels left

rFire   . . .      SeeInvis .   a - +0 trident
rCold   . . .      Faith    .   (no shield)
rNeg    . . .      Spirit   .   Z - +0 leather armour
rPois   .          Reflect  .   (no helmet)
rElec   .          Harm     .   (no cloak)
rCorr   .          Rampage  .   m - +1 pair of gloves
Will    .....                   (no boots)
Stlth   ++........              (no amulet)
HPRegen 0.10/turn               (no ring)
MPRegen 0.09/turn               (no ring)

@: no status effects
A: fangs 1, strong nose, distributed training
a: no special abilities


You were on level 2 of the Dungeon.
You visited 1 branch of the dungeon, and saw 2 of its levels.

You collected 87 gold pieces.

Inventory:

Hand Weapons
 a - a +0 trident (weapon)
 b - a +0 short sword
Missiles
 c - 6 javelins
 d - 2 throwing nets
 g - 10 stones (quivered)
 n - 17 sling bullets
Armour
 m - a +1 pair of gloves (worn)
 Z - a +0 leather armour (worn)
Jewellery
 f - an amulet of faith
 k - an amulet of the acrobat
Scrolls
 e - a scroll of amnesia {unknown}
 i - 2 scrolls of magic mapping {unknown}


   Skills:
 + Level 4.5 Fighting
 + Level 0.7 Short Blades
 + Level 0.7 Long Blades
 + Level 0.7 Axes
 + Level 0.7 Maces & Flails
 + Level 0.7 Polearms
 + Level 0.7 Staves
 + Level 0.7 Slings
 + Level 0.7 Bows
 + Level 0.7 Crossbows
 + Level 8.5 Throwing
 + Level 0.7 Armour
 + Level 4.5 Dodging
 + Level 2.3 Stealth
 + Level 0.7 Shields
 + Level 0.7 Unarmed Combat
 + Level 0.7 Spellcasting
 + Level 0.5 Conjurations
 + Level 0.5 Hexes
 + Level 0.5 Summonings
 + Level 0.5 Necromancy
 + Level 0.5 Translocations
 + Level 0.5 Transmutations
 + Level 0.5 Fire Magic
 + Level 0.5 Ice Magic
 + Level 0.5 Air Magic
 + Level 0.5 Earth Magic
 + Level 0.5 Poison Magic
 + Level 0.9 Invocations
 + Level 0.7 Evocations


You had 3 spell levels left.
You didn't know any spells.
Your spell library contained the following spells:

 Spells                   Type           Power      Damage    Failure   Level
 Beastly Appendage        Tmut           2%         N/A       36%         1
 Wereblood                Tmut           1%         N/A       52%         2
 Spider Form              Tmut/Pois      0%         N/A       75%         3


Dungeon Overview and Level Annotations

Branches:
Dungeon (2/15)

Altars:

Shops:
D:1 :

Annotations:
D:1 1 runed translucent door


Innate Abilities, Weirdness & Mutations

You have very sharp teeth.
Your uncanny sense of smell can sniff out nearby items.
Your experience applies equally to all skills.


Message History

You bump into the rock wall.
Something completely misses you.
The kobold throws a stone.
The stone completely misses you.
You're too confused to move!
Something hits you.
You bump into the rock wall.
Something barely misses you.
You bump into the rock wall.
Something hits you.
You feel less confused.
The kobold throws a stone.
Items here: ! $ ) [.
Unknown command.
Unknown command.
You closely miss something. Your bite misses something. Something hits you.
You hit something but do no damage. Something hits you but does no damage.
You miss something. Something hits you but does no damage. Something hits you.
* * * LOW HITPOINT WARNING * * *
You barely miss something. Something hits you but does no damage.
It was a potion of degeneration.
There was something very wrong with that liquid.
You feel weakened.
You feel dopey.
You feel clumsy. Something hits you but does no damage.
It was a potion of flight.
You feel very buoyant.
You fly up into the air.
The kobold throws a stone.
The stone hits you but does no damage. Something barely misses you.
It was a potion of attraction.
You feel attractive to monsters. Something hits you.
* * * LOW HITPOINT WARNING * * *
It was a potion of cancellation.
Your magical effects are unravelling.
You feel magically purged.
You float gracefully downwards.
Something hits you but does no damage.
You feel less attractive to monsters.
The kobold throws a stone.
The stone hits you but does no damage.
You hit something. Something hits you but does no damage.
You hit something but do no damage. Something hits you.
* * * LOW HITPOINT WARNING * * *
You closely miss something.
You hear some strange, mumbled words.
A magic dart appears from out of thin air!
The magic dart hits you!
You die...

#########################
...........(.oK{@...>...#
#########.##########.##.#
....... #.##....# #.##.#
####### #.##....# #.##.#
....# #.##....# #.##.#
.##.# #.##....####.##.#
.##.# #.##.........##.#
.##.### #.##....#######.#
.#....# #.##....### #.#


You could see an orc and a kobold.

Vanquished Creatures
  An adder (D:2)
  3 orcs (D:2)
  A ball python (D:1)
  An endoplasm (D:2)
  A giant cockroach (D:1)
  2 goblins
  2 quokkas
  7 bats
  2 frilled lizards (D:1)
  2 kobolds
22 creatures vanquished.

Notes
Turn   | Place    | Note
-------+----------+-------------------------------------------
     0 | D:1      | MirrMurr the Gnoll Hunter began the quest for the Orb.
     0 | D:1      | Reached XP level 1. HP: 20/20 MP: 1/1
     1 | D:1      | Found a runed translucent door.
    70 | D:1      | Found Jesok's Book Emporium.
   281 | D:1      | Reached XP level 2. HP: 18/26 MP: 2/2
  1704 | D:2      | Reached XP level 3. HP: 17/31 MP: 3/3
  2070 | D:2      | Killed from afar by an orc wizard

Illustrated notes

Levels and vault maps discovered:
D:1:      dpeg_arrival_caged_fury, layout_basic, serial_shops, shop,
          minmay_bisected
D:2:      layout_basic

Action                   || total
-------------------------++-------
Melee: Short sword       ||    86
       Bite              ||     5
       Trident           ||    23
Throw: Stone             ||    10
  Use: Potion            ||     4
 Stab: Sleeping          ||     1
Armor: Leather armour    ||    57
Dodge: Dodged            ||    95

Table legend: (Time is in decaauts)
 A = Elapsed time spent in this place.
 B = Non-inter-level travel time spent in this place.
 C = Inter-level travel time spent in this place.
 D = Time resting spent in this place.
 E = Time spent auto-exploring this place.
 F = Levels seen in this place.
 G = Mean time per level.
                   A        B        C        D        E       F      G
               +--------+--------+--------+--------+--------+-----+--------+
         Total |   2079 |   1782 |    297 |      0 |   1400 |   2 | 1039.5 |
       Dungeon |   2079 |   1782 |    297 |      0 |   1400 |   2 | 1039.5 |
               +--------+--------+--------+--------+--------+-----+--------+

Top non-repeatable levels by time:
     D:1: 1409 daAuts
     D:2: 670 daAuts
